 Dungeon Crawl Stone Soup version 0.30-a0-1066-g63dfefce0d (webtiles) character file.

Game seed: 1184861017764369085

3903 Dittersdorf the Blocker (level 10, -2/65 HPs)
             Began as a Gargoyle Fighter on Apr 12, 2023.
             Slain by a steam dragon (7 damage)
             ... on level 8 of the Dungeon.
             The game lasted 00:11:06 (8300 turns).

Dittersdorf the Blocker (Gargoyle Fighter)          Turns: 8300, Time: 00:11:07

Health: -2/65      AC: 27    Str: 24    XL:     10   Next: 20%
Magic:  10/10      EV:  7    Int:  9    God:
Gold:   505        SH:  6    Dex:  9    Spells: 9/9 levels left

rFire   . . .      SeeInvis .    a - +1 flail (spect)
rCold   . . .      Faith    .    c - +1 buckler
rNeg    + . .      Spirit   .    k - +0 plate armour
rPois   ∞          Reflect  .    f - +0 helmet
rElec   +          Rampage  .    n - +2 cloak {rPois}
rCorr   +                        (no gloves)
Will    +....                    b - +0 pair of boots Stlth
                                 (no amulet)
HPRegen 0.30/turn                g - ring of resist corrosion
MPRegen 0.12/turn                i - ring of willpower

@: no status effects
A: sickness immunity, AC +7, negative energy resistance 1, electricity
resistance, torment resistance 1, petrification resistance
a: no special abilities


You were on level 8 of the Dungeon.
You visited 2 branches of the dungeon, and saw 9 of its levels.
You also visited: Sewer.

You collected 505 gold pieces.

Inventory:

Hand Weapons
 a - a +1 spectral flail (weapon)
Armour
 b - a +0 pair of boots (worn)
 c - a +1 buckler (worn)
 f - a +0 helmet (worn)
 k - a +0 plate armour (worn)
 n - a +2 cloak of poison resistance (worn)
Jewellery
 g - a ring of resist corrosion (left hand)
 h - a ring of positive energy
 i - a ring of willpower (right hand)
Wands
 r - a wand of acid (18)
 x - a wand of flame (26)
Scrolls
 j - 12 scrolls of teleportation
 m - 4 scrolls of enchant weapon
 p - a scroll of fear
 u - a scroll of enchant armour
Potions
 d - a potion of might
 e - a potion of berserk rage {unknown}
 l - 2 potions of lignification
 o - 4 potions of curing
 q - a potion of magic {unknown}
 s - 2 potions of ambrosia
 t - a potion of cancellation {unknown}
 v - 2 potions of brilliance {unknown}
 w - 2 potions of heal wounds
 z - a potion of invisibility


   Skills:
 + Level 8.5 Fighting
 + Level 7.4 Maces & Flails
 + Level 8.6 Armour
 + Level 8.7 Shields


You had 9 spell levels left.
You didn't know any spells.
Your spell library contained the following spells:

 Spells                   Type           Power      Damage    Failure   Level
 Wereblood                Tmut           0%         N/A       100%        2
 Ozocubu's Armour         Ice            0%         N/A       100%        3
 Passage of Golubria      Tloc           0%         N/A       100%        4
 Silence                  Hex/Air        0%         N/A       100%        5
 Ozocubu's Refrigeration  Ice            0%         4d7       100%        7
 Summon Hydra             Summ           0%         N/A       100%        7
 Lehudib's Crystal Spear  Conj/Erth      0%         10d2      100%        8
 Sublimation of Blood     Necr           Unusable   N/A       N/A         2

Dungeon Overview and Level Annotations

Branches:
Dungeon (8/15)             Temple (1/1) D:5           Sewer (visited)
   Lair: D:8-11

Altars:
Cheibriados
Dithmenos
Elyvilon
Fedhas
Hepliaklqana
Kikubaaqudgha
Makhleb
Nemelex Xobeh
Qazlal
Ru
Sif Muna
Trog
Uskayaw
Vehumet
Wu Jian
Xom
Yredelemnul
Zin
The Shining One

Shops:
D:4 [   D:7 (   D:8 =


Innate Abilities, Weirdness & Mutations

You are immune to sickness and miasma.
Your stone body is resilient. (AC +7)
You are immune to poison.
You resist negative energy. (rN+)
You are resistant to electric shocks. (rElec)
You are resistant to unholy torment.
You are immune to petrification.


Message History

You are engulfed in a cloud of scalding steam.
You are engulfed in a cloud of scalding steam.
You block the steam dragon's attack.
The steam dragon claws you but does no damage.
You hit the steam dragon.
The steam dragon is lightly wounded.
You are engulfed in a cloud of scalding steam.
The steam dragon breathes steam at you. The ball of steam hits you!
* * * LOW HITPOINT WARNING * * *
You hit the steam dragon but do no damage.
The steam dragon is lightly wounded.
You are engulfed in a cloud of scalding steam.
The steam dragon bites you.
* * * LOW HITPOINT WARNING * * *
The steam dragon claws you but does no damage.
You sock the steam dragon!
The steam dragon is moderately wounded.
You are engulfed in a cloud of scalding steam.
The steam dragon barely misses you. The steam dragon claws you.
* * * LOW HITPOINT WARNING * * *
You closely miss the steam dragon.
The steam dragon is moderately wounded.
The steam dragon bites you but does no damage.
The steam dragon closely misses you.
You hit the steam dragon.
The steam dragon is heavily wounded.
The steam dragon bites you but does no damage.
The steam dragon closely misses you.
You closely miss the steam dragon.
The steam dragon is heavily wounded.
The steam dragon breathes steam at you. The ball of steam hits you!
* * * LOW HITPOINT WARNING * * *
You hit the steam dragon.
The steam dragon is heavily wounded.
You are engulfed in a cloud of scalding steam.
* * * LOW HITPOINT WARNING * * *
The steam dragon bites you!
You die...

#8...8# ##...[$#
#8.....8 ####.....
##### ..##8..:8 #....
#.# ##>## #####
#.######## #
#######.#.##...# #
#..D@§..#.####.# #
#.#####.#.# #.# #
#.#.# #.# # #.#.#
#.#### #
#.#.####....# #
.#####.#......##'# #
..............##♣.♣#
#..##########.#♣...♣#
#.#.._..#


You could see a steam dragon (catching breath).

Vanquished Creatures
  A wyvern (D:8)
  Duvessa (D:6)
  An acid dragon (D:8)
  An orc warrior (D:7)
  5 sky beasts
  2 ice beasts
  3 black bears
  An ogre (D:6)
  2 centaurs
  A phantom (D:5)
  A kobold brigand (D:6)
  3 bullfrogs
  4 scorpions
  8 wights (D:8)
  7 killer bees
  Dowan (D:6)
  2 howler monkeys
  3 hounds
  Crazy Yiuf (D:3)
  2 gnoll boudas (D:7)
  2 jellies
  A sleepcap (D:4)
  2 iguanas (D:5)
  5 orc wizards
  Robin (D:3)
  12 gnolls
  10 adders
  A shadow imp (D:6)
  3 white imps
  An ufetubus (D:4)
  A worm (D:4)
  2 dart slugs (D:4)
  25 orcs
  7 bats
  4 endoplasms
  11 giant cockroaches
  17 goblins
  6 hobgoblins
  3 jackals (D:4)
  11 quokkas
  6 ball pythons
  9 frilled lizards
  12 kobolds
  2 rats
204 creatures vanquished.

Vanquished Creatures (others)
  An orc wizard (D:7)
  A fungus (D:3)
2 creatures vanquished.

Grand Total: 206 creatures vanquished

Notes
Turn   | Place    | Note
-------+----------+-------------------------------------------
     0 | D:1      | Dittersdorf the Gargoyle Fighter began the quest for the
                  | Orb.
     0 | D:1      | Reached XP level 1. HP: 14/14 MP: 1/1
   107 | D:1      | Reached XP level 2. HP: 3/19 MP: 2/2
   688 | D:2      | Reached XP level 3. HP: 23/23 MP: 3/3
  1125 | D:2      | Found a faded altar of an unknown god.
  1423 | D:3      | Noticed Robin
  1443 | D:3      | Killed Robin
  1463 | D:3      | Reached XP level 4. HP: 28/29 MP: 4/4
  1646 | D:3      | Found a shimmering altar of Xom.
  1646 | D:3      | Found a glowing golden altar of the Shining One.
  1860 | D:3      | Found a glowing drain.
  1883 | Sewer    | Entered a sewer
  2072 | Sewer    | Noticed a bullfrog
  2082 | Sewer    | Noticed a bullfrog
  2092 | Sewer    | Killed a bullfrog
  2093 | Sewer    | Reached XP level 5. HP: 33/33 MP: 5/5
  2113 | Sewer    | Reached XP level 6. HP: 21/39 MP: 6/6
  2447 | D:3      | Found a runed translucent door.
  2448 | D:3      | Noticed Crazy Yiuf
  2915 | D:3      | Killed Crazy Yiuf
  3155 | D:4      | Found Sagess's Antique Armour Emporium.
  3197 | D:4      | Noticed a black bear
  3206 | D:4      | Killed a black bear
  3207 | D:4      | Reached skill level 5 in Fighting
  3207 | D:4      | Reached skill level 5 in Armour
  3207 | D:4      | Reached skill level 5 in Shields
  3266 | D:4      | Reached XP level 7. HP: 39/44 MP: 7/7
  3841 | D:4      | Found a radiant altar of Vehumet.
  4493 | D:5      | Entered Level 5 of the Dungeon
  4630 | D:5      | Reached XP level 8. HP: 37/51 MP: 8/8
  4941 | D:5      | Reached skill level 5 in Maces & Flails
  5007 | D:5      | Found a staircase to the Ecumenical Temple.
  5020 | Temple   | Entered the Ecumenical Temple
  5902 | D:6      | Noticed Duvessa
  5902 | D:6      | Noticed Dowan
  5912 | D:6      | Killed Duvessa
  5915 | D:6      | Killed Dowan
  5916 | D:6      | Reached XP level 9. HP: 37/56 MP: 9/9
  7404 | D:7      | Found Femaak's Weapon Shop.
  7576 | D:8      | Found Utopne's Jewellery Emporium.
  7804 | D:8      | Reached XP level 10. HP: 57/64 MP: 10/10
  8188 | D:8      | Identified the +2 hand axe of Valuable Assets {speed, rC+
                  | Int-4 SInv}
  8258 | D:8      | Found a hazy altar of Hepliaklqana.
  8300 | D:8      | Slain by a steam dragon

Illustrated notes

Levels and vault maps discovered:
D:1:      tarquinn_simple_flora_water_e, layout_rooms
D:2:      layout_basic, ebering_ecumenical_altar_hall
D:3:      layout_basic, gammafunk_temple_overflow_statue, gup_sewer_entry_pipe,
          serial_curves, eino_curves_02, eino_curves_02, uniq_robin,
          uniq_crazy_yiuf_cottage
D:4:      layout_layer_cave, amcnicky_altar_gilded, serial_shops,
          nicolae_shop_overgrown_old_shop
D:5:      layout_loops_ring, minmay_temple_entry_offerings
D:6:      layout_basic, fountainhead, minmay_holes, uniq_duvessa
D:7:      layout_loops_ring, serial_shops, kennysheep_mini, serial_aquarium,
          aquarium_bridge_long_joined [aquarium_subvault_balcony,
          aquarium_subvault_window, aquarium_subvault_bridge,
          aquarium_subvault_bridge, aquarium_subvault_wall,
          aquarium_subvault_wall], aquarium_bridge_straight
          [aquarium_subvault_bridge, aquarium_subvault_window,
          aquarium_subvault_bridge, aquarium_subvault_wall], aquarium_window_1,
          aquarium_window_3, aquarium_window_corner, aquarium_window_2,
          aquarium_view_2e, aquarium_view_2a, aquarium_pool_side
D:8:      layout_loops_ring, nicolae_overflow_hidden_temple,
          worldfamousw_hep_ancestral_shrine, serial_shops,
          kennysheep_little_box, kennysheep_generic_room_2
Temple:   regret_index_temple_waves

Skill      XL: |  1  2  3  4  5  6  7  8  9 |
---------------+----------------------------+-----
Armour         | 4 5 6 8 |  8.6
Shields        | 4 5 6 8 |  8.7
Fighting       | 4 5 6 8 |  8.5
Maces & Flails | 3 4 5 7 |  7.4

Action                     |  1- 3 |  4- 6 |  7- 9 | 10-12 || total
---------------------------+-------+-------+-------+-------++-------
  Melee: Flail             |   120 |   216 |   553 |    59 ||   948
    Use: Scroll            |     8 |     3 |     6 |     1 ||    18
 Armour: Scale mail        |    51 |    76 |   237 |       ||   364
         Plate armour      |       |       |   206 |    44 ||   250
  Dodge: Dodged            |    94 |   138 |   246 |    25 ||   503
  Block: Buckler           |    46 |    64 |   189 |    13 ||   312

Table legend: (Time is in decaauts)
 A = Elapsed time spent in this place.
 B = Non-inter-level travel time spent in this place.
 C = Inter-level travel time spent in this place.
 D = Time resting spent in this place.
 E = Time spent auto-exploring this place.
 F = Levels seen in this place.
 G = Mean time per level.
                   A        B        C        D        E       F      G
               +--------+--------+--------+--------+--------+-----+--------+
         Total |   8542 |   8211 |    331 |    436 |   5648 |  10 |  854.2 |
       Dungeon |   8017 |   7699 |    318 |    370 |   5471 |   8 | 1002.1 |
        Temple |    106 |     93 |     13 |      0 |     80 |   1 |  106.0 |
         Sewer |    417 |    417 |      0 |     66 |     96 |   1 |  417.0 |
               +--------+--------+--------+--------+--------+-----+--------+

Top non-repeatable levels by time:
     D:4: 1455 daAuts
     D:3: 1402 daAuts
     D:7: 1232 daAuts
     D:5: 905 daAuts
     D:8: 857 daAuts
     D:2: 803 daAuts
     D:6: 760 daAuts
     D:1: 600 daAuts
   Sewer: 417 daAuts
  Temple: 106 daAuts
